Map: Glittering Ashes LE

Players

HeroMarine

  • Race: Terran Terran
  • League: Master

MaxPax - Winner!

  • Race: Protoss Protoss
  • League: Grandmaster

Event: DreamHack SC2 Masters Last Chance 2022

VOD

Have the link to the VOD?

Description

Time

  • Played on: Dec. 17, 2021, 3:51 p.m.
  • Length: 15:27

All games in this series

Show
View Real Time Build Order
Export as new Build Order

HeroMarine Terran 

Build Orders:  

Get SALT Encoding   

  12  0:00  SCV  
  13  0:12  SCV  
  14  0:16  Supply Depot  
  14  0:24  SCV  
  15  0:38  SCV  
  15  0:40  Barracks  
  16  0:43  Refinery  
  16  0:50  SCV  
  17  1:02  SCV  
  18  1:14  SCV  
  19  1:26  Marine  
  19  1:27  Orbital Command  
  20  1:45  Barracks Reactor  
  20  1:51  Command Center  
  21  1:54  SCV  
  21  1:58  Supply Depot  
  21  2:06  SCV  
  22  2:10  Factory  
  22  2:18  SCV  
  22  2:19  Refinery  
  22  2:21  Marine  
  24  2:23  Marine  
  25  2:30  SCV  
  26  2:39  Marine  
  26  2:41  Marine  
  26  2:42  SCV  
  29  2:54  SCV  
  29  2:56  Starport  
  30  3:00  Marine  
  30  3:02  Marine  
  31  3:08  SCV  
  31  3:10  Widow Mine  
  33  3:13  Orbital Command  
  33  3:18  Marine  
  34  3:20  SCV, Marine  
  36  3:32  Medivac, SCV  
  36  3:33  Supply Depot  
  41  3:34  Widow Mine  
  41  3:39  SCV  
  41  3:40  Marine x2  
  44  3:45  SCV  
  45  3:51  SCV  
  45  3:52  Supply Depot  
  46  3:57  SCV  
  46  3:58  Marine x2  
  46  4:00  Factory Tech Lab  
  49  4:03  SCV  
  49  4:05  Starport Tech Lab  
  49  4:06  Barracks  
  49  4:09  SCV  
  51  4:15  SCV  
  51  4:16  Marine x2  
  54  4:23  Supply Depot  
  54  4:24  Raven  
  54  4:25  Bunker  
  54  4:28  Siege Tank  
  54  4:30  SCV  
  60  4:31  SCV  
  60  4:34  Refinery  
  61  4:39  Engineering Bay  
  61  4:42  SCV  
  61  4:45  SCV  
  63  4:46  Marine x2  
  65  4:54  SCV, Marine  
  65  4:55  Bunker  
  65  4:57  SCV  
  68  5:00  Supply Depot  
  68  5:05  Siege Tank  
  68  5:09  SCV x2  
  70  5:15  Terran Infantry Weapons Level 1, Marine x2  
  69  5:21  SCV x2  
  69  5:23  Marauder  
  69  5:24  Stimpack  
  62  5:37  Siege Tank, Marine, Barracks  
  62  5:39  Marine  
  69  5:50  Marauder  
  69  5:52  Viking  
  69  5:55  Marine  
  69  5:56  SCV x2  
  72  5:57  Marine  
  73  6:08  SCV x2  
  73  6:10  Marine  
  76  6:11  Siege Tank  
  79  6:20  SCV x2  
  79  6:22  Supply Depot  
  79  6:23  Marine x2  
  79  6:24  Refinery, Starport Tech Lab  
  83  6:29  Marauder, Starport Reactor  
  83  6:32  SCV x2  
  86  6:36  Marine  
  80  6:40  Marine  
  80  6:44  SCV x2  
  80  6:46  Siege Tank  
  77  6:47  Marine  
  77  6:50  Marauder  
  73  6:56  SCV  
  73  6:59  Marine  
  73  7:00  SCV  
  75  7:04  Combat Shield  
  75  7:05  Marine  
  75  7:08  SCV  
  75  7:09  Barracks Tech Lab  
  75  7:11  Marine  
  75  7:12  SCV  
  75  7:13  Refinery  
  75  7:15  Medivac  
  80  7:17  Marine  
  80  7:19  Medivac  
  80  7:21  SCV  
  84  7:23  Marine  
  84  7:24  SCV  
  84  7:28  Marine  
  84  7:29  Marine  
  86  7:33  SCV  
  86  7:34  Marine  
  86  7:35  Siege Tank  
  86  7:37  SCV  
  89  7:41  Supply Depot, Marine  
  90  7:46  SCV, Marine  
  90  7:47  Marine  
  90  7:49  SCV  
  94  7:57  Medivac x2, Marine  
  99  7:59  SCV, Marine  
  99  8:04  Supply Depot  
  100  8:12  Command Center  
  99  8:20  Marauder  
  99  8:21  Marauder  
  99  8:22  Marine  
  99  8:25  Widow Mine  
  103  8:27  Medivac  
  103  8:31  SCV x2  
  103  8:33  Marine  
  98  8:40  Marine  
  90  8:44  Medivac  
  88  8:48  Marauder  
  88  8:55  Marine x2, Barracks  
  87  8:57  Medivac, Barracks  
  89  9:02  Barracks  
  89  9:04  Factory Reactor  
  89  9:06  Concussive Shells, Marine  
  92  9:10  Marauder  
  92  9:12  Marine  
  92  9:13  SCV x2  
  92  9:14  Medivac  
  97  9:17  Terran Infantry Armor Level 1  
  97  9:21  Ghost Academy  
  97  9:23  Marauder  
  99  9:25  SCV x2  
  99  9:28  Marine  
  99  9:30  Marine  
  103  9:37  SCV x2  
  105  9:40  Marauder  
  105  9:43  Widow Mine x2, Medivac  
  105  9:44  Marauder, Medivac  
  117  9:46  Barracks Reactor  
  117  9:48  Marine x2  
  117  9:49  SCV x2  
  121  9:53  Orbital Command  
  121  9:56  Marauder  
  123  10:05  SCV x2  
  124  10:12  Widow Mine x2, Refinery x2, Bunker  
  128  10:14  Marine x2  
  128  10:18  Ghost x2  
  132  10:22  Ghost  
  132  10:24  Marine  
  133  10:31  Marine  
  133  10:32  Marine x2  
  133  10:34  Missile Turret  
  130  10:45  Marine  
  130  10:47  Marauder, Orbital Command  
  130  10:48  Marauder  
  130  10:49  Marine  
  136  10:52  Marine  
  136  10:53  Marine  
  136  10:56  Widow Mine x2  
  132  11:05  Enhanced Shockwaves  
  132  11:07  Ghost  
  132  11:09  Marine x3  
  135  11:14  SCV x2  
  135  11:17  SCV  
  138  11:22  Armory  
  138  11:28  Ghost  
  138  11:34  Ghost  
  138  11:39  Ghost  
  138  11:40  Viking  
  138  11:41  Marine x2  
  138  11:44  Marine x2  
  141  11:57  Marauder  
  141  11:59  Marine  
  141  12:01  Marine  
  134  12:03  Marauder, Marine x2  
  134  12:04  Widow Mine x2, Medivac  
  134  12:06  Missile Turret  
  140  12:08  Marauder, Bunker  
  140  12:11  Terran Infantry Weapons Level 2, SCV  
  141  12:17  Marine  
  141  12:18  Marine  
  141  12:19  Marine  
  141  12:20  Marine  
  141  12:21  Marine  
  146  12:25  Marauder  
  148  12:35  Marine  
  148  12:36  Supply Depot  
  149  12:37  Supply Depot  
  149  12:38  Marauder  
  149  12:43  Marauder  
  147  12:46  Widow Mine  
  149  12:58  Marauder, Supply Depot, Medivac x2, Widow Mine  
  157  13:00  Supply Depot  
  157  13:01  Refinery  
  157  13:02  Marauder  
  157  13:04  Marine x2  
  161  13:06  Marine x2  
  161  13:10  Marauder  
  165  13:20  Widow Mine x2  
  165  13:21  Marauder  
  165  13:23  Marauder  
  165  13:28  Supply Depot, Medivac x2  
  165  13:29  Personal Cloaking  
  165  13:32  Marine  
  172  13:34  Marauder  
  170  13:43  Marauder  
  170  13:45  Marauder  
  151  13:55  Marauder  
  151  13:57  Widow Mine  
  151  13:58  Widow Mine, Medivac x2  
  151  14:00  Marine  
  151  14:02  Marine x3  
  152  14:04  Marauder  
  152  14:07  Marauder  
  129  14:16  Marine  
  111  14:21  Marine x2  
  111  14:26  Marauder, Marine  
  111  14:28  Medivac  
  111  14:29  Marine  
  107  14:43  Widow Mine x2  
  109  14:48  Medivac  
  109  14:49  Marine  
  109  14:50  Marine  
  113  14:53  Marine x2  
  113  14:55  Marine  
  113  14:59  Marine  
  115  15:07  Marine x2  
Show
View Real Time Build Order
Export as new Build Order

MaxPax Protoss - Winner!

Build Orders: 1 Gate Expand, Blink Stalkers, Zealot Archon 

Get SALT Encoding   

  12  0:00  Probe  
  13  0:12  Probe  
  14  0:17  Pylon  
  14  0:24  Probe (Chrono Boost)  
  16  0:36  Probe (Chrono Boost)  
  16  0:38  Gateway  
  16  0:43  Probe (Chrono Boost)  
  16  0:45  Assimilator  
  17  0:51  Probe  
  18  1:03  Probe  
  19  1:15  Probe  
  20  1:22  Nexus  
  20  1:31  Cybernetics Core  
  20  1:34  Probe  
  20  1:39  Assimilator  
  21  1:46  Probe  
  22  1:48  Pylon  
  22  1:58  Probe  
  23  2:05  Adept (Chrono Boost)  
  25  2:08  Warp Gate  
  25  2:10  Probe  
  26  2:21  Twilight Council  
  26  2:23  Probe  
  26  2:29  Stalker (Chrono Boost)  
  27  2:34  Probe (Chrono Boost)  
  31  2:40  Probe (Chrono Boost)  
  32  2:45  Probe (Chrono Boost)  
  32  2:48  Gateway  
  32  2:49  Probe x2 (Chrono Boost)  
  34  2:59  Probe  
  34  3:00  Probe  
  34  3:03  Shield Battery  
  34  3:04  Blink (Chrono Boost)  
  36  3:11  Probe  
  35  3:13  Probe  
  35  3:18  Robotics Facility  
  36  3:23  Probe  
  36  3:25  Probe  
  38  3:33  Gateway  
  38  3:34  Gateway  
  38  3:36  Probe  
  38  3:37  Probe  
  40  3:42  Pylon  
  40  3:48  Assimilator, Probe  
  41  3:51  Probe  
  42  3:56  Stalker x2  
  42  4:01  Pylon  
  47  4:05  Warp Prism (Chrono Boost)  
  48  4:15  Probe x2  
  50  4:20  Stalker x2  
  54  4:28  Stalker  
  54  4:30  Stalker  
  58  4:39  Pylon  
  58  4:44  Stalker x2  
  62  4:52  Probe  
  58  5:05  Stalker  
  58  5:06  Stalker  
  62  5:09  Stalker x2, Pylon  
  66  5:18  Probe  
  63  5:34  Probe  
  63  5:35  Probe  
  65  5:37  Stalker x4, Assimilator  
  65  5:40  Pylon  
  71  6:07  Stalker x4  
  71  6:10  Probe x2  
  71  6:11  Nexus  
  79  6:20  Pylon  
  79  6:22  Probe  
  79  6:24  Pylon  
  80  6:26  Probe  
  80  6:27  Observer (Chrono Boost)  
  82  6:36  Probe  
  79  6:44  Probe  
  76  6:50  Probe  
  71  6:54  Templar Archives  
  71  6:58  Charge (Chrono Boost)  
  69  7:02  Zealot x3  
  69  7:03  Probe  
  74  7:08  Pylon  
  74  7:09  Gateway  
  74  7:10  Gateway  
  74  7:15  Gateway  
  74  7:18  Sentry  
  74  7:20  Gateway  
  76  7:24  Pylon  
  76  7:29  Probe  
  76  7:35  High Templar x2  
  76  7:36  Zealot  
  78  7:37  Shield Battery  
  78  7:38  Pylon  
  78  7:42  Shield Battery  
  78  7:43  Archon  
  78  7:45  Zealot  
  78  7:47  Pylon  
  78  7:50  Pylon  
  78  7:51  Probe  
  81  7:54  Zealot  
  81  7:57  Probe  
  81  7:58  Probe  
  85  8:03  Zealot x2, Probe  
  90  8:05  Sentry  
  90  8:08  Zealot x2  
  90  8:09  Probe  
  90  8:10  Probe  
  94  8:20  Zealot x3  
  96  8:27  Zealot x2  
  96  8:32  Zealot x3  
  98  8:34  Psionic Storm  
  98  8:39  Probe x2  
  98  8:40  Pylon  
  86  8:50  Warp Prism (Chrono Boost)  
  85  9:02  High Templar x4  
  92  9:07  Stalker x4  
  100  9:27  Pylon  
  100  9:30  Pylon  
  100  9:35  Stalker x4  
  100  9:36  Zealot x4  
  114  9:43  Forge  
  114  9:45  Assimilator  
  114  9:46  Assimilator  
  114  9:47  Probe x3  
  117  9:53  Pylon  
  117  10:09  Zealot x7  
  117  10:10  Protoss Ground Weapons Level 1 (Chrono Boost)  
  117  10:11  Zealot  
  131  10:34  Zealot x7  
  128  10:48  Stalker  
  106  11:01  Probe x3  
  109  11:07  Stalker  
  109  11:09  Stalker x2  
  113  11:13  Twilight Council, Probe x2, High Templar x4  
  113  11:18  Archon x2  
  123  11:19  Robotics Facility  
  123  11:39  Pylon  
  121  11:43  Nexus  
  121  11:49  Stalker  
  121  11:50  Stalker x2  
  121  11:51  Stalker x2  
  124  11:55  Zealot x2  
  114  12:10  Robotics Bay, Probe x2  
  114  12:14  Zealot, High Templar x2  
  114  12:15  Zealot x2  
  126  12:16  Probe  
  126  12:20  Archon  
  127  12:23  Pylon  
  127  12:24  Protoss Ground Weapons Level 2 (Chrono Boost)  
  127  12:25  Observer (Chrono Boost)  
  122  12:47  Zealot x5  
  122  12:48  Zealot x3  
  138  12:56  Colossus (Chrono Boost)  
  144  13:06  Photon Cannon  
  142  13:27  Extended Thermal Lance  
  142  13:28  Zealot x2  
  142  13:29  Zealot x3  
  152  13:36  Zealot x3, Colossus (Chrono Boost)  
  133  13:58  Zealot x5  
  133  13:59  Zealot  
  133  14:13  Zealot x2  
  113  14:18  Probe  
  113  14:23  Colossus (Chrono Boost)  
  114  14:26  Probe  
  114  14:27  Probe  
  114  14:31  Stalker x5  
  110  14:49  Zealot, Shield Battery  
  110  14:51  Stalker, Sentry  
  116  14:59  Stalker x4  
  124  15:03  Probe x2  
  124  15:04  Shield Battery  
  125  15:12  Zealot x2  
  103  15:22  Zealot x4  

Tags
 
Add a new tag
Caveats
  • Supply blocks, unpowered buildings, or Contaminate may cause inaccurate times.
  • Supply counts are checked every 10 seconds.